 Seeded DCSS version 0.30.1-9-gdf580d7c3d (webtiles) character file.

Game seed: 15660985446129201502 (custom seed)

93 AccursedSamuel the Chopper (level 4, -2/28 HPs)
             Began as a Tengu Monk on Oct 11, 2023.
             Slain by an orc
             ... wielding a +0 flail
              (9 damage)
             ... on level 3 of the Dungeon.
             The game lasted 00:02:29 (1610 turns).

AccursedSamuel the Chopper (Tengu Monk)             Turns: 1610, Time: 00:02:31

Health: -2/28      AC:  2    Str: 13    XL:     4   Next: 62%
Magic:  5/5        EV: 14    Int: 11    God:
Gold:   224        SH:  0    Dex: 16    Spells: 3/3 levels left

rFire   . . .        a - +0 hand axe
rCold   . . .        d - orb {light}
rNeg    . . .        b - +0 robe
rPois   .            e - +0 hat of Jayqywae {Fly Regen+}
rElec   .            (no cloak)
rCorr   .            (no gloves)
SInv    .            (boots unavailable)
Will    .....        (no amulet)
Stlth   +            (no ring)
HPRegen 1.04/turn    (no ring)
MPRegen 0.09/turn

%: no passive effects
@: flying, glowing
A: beak, talons 3
a: no special abilities


You were on level 3 of the Dungeon.
You visited 1 branch of the dungeon, and saw 3 of its levels.

You collected 224 gold pieces.

Inventory:

Hand Weapons
 a - a +0 hand axe (weapon)
Armour
 b - a +0 robe (worn)
 d - an orb of light (worn)
 e - the +0 hat of Jayqywae (worn) {Fly Regen+}
   (You acquired it on level 1 of the Dungeon)

   Fly:       It grants you flight.
   Regen:     It increases your rate of health regeneration.
Jewellery
 q - a +4 ring of protection
Scrolls
 f - 2 scrolls of teleportation {unknown}
 h - a scroll of enchant armour {unknown}
 i - a scroll of noise {unknown}
 k - a scroll of immolation {unknown}
 m - a scroll of identify {unknown}
 r - a scroll of fog {unknown}
Potions
 c - a potion of ambrosia
 g - a potion of curing {unknown}
 j - a potion of degeneration {unknown}
 l - a potion of attraction {unknown}
 n - a potion of heal wounds {unknown}
 o - a potion of flight {unknown}
 p - 2 potions of magic {unknown}


   Skills:
 + Level 3.5 Fighting
 + Level 4.7 Axes
 + Level 4.1 Dodging


You had 3 spell levels left.
You didn't know any spells.
Your spell library contained the following spells:

 Spells                   Type           Power      Damage    Failure   Level
 Cigotuvi's Dreadful Rot  Necr/Pois/Air  0%         N/A       47%         2
 Ignite Poison            Fire/Tmut/Pois 0%         N/A       71%         3
 Dispel Undead            Necr           0%         3d6       98%         4
 Sticky Flame             Conj/Fire      0%         2d3       98%         4
 Death Channel            Necr           0%         N/A       100%        6
 Ignition                 Fire           0%         3d3       100%        8


Dungeon Overview and Level Annotations

Branches:
Dungeon (3/15)

Altars:

Annotations:
D:2 1 runed translucent door, Crazy Yiuf


Innate Abilities, Weirdness & Mutations

You have a beak for a mouth.
You have claws for feet.


Message History

An orc comes into view. It is wielding a +0 dagger.
An orc comes into view. It is wielding a +0 flail.
Things that are here:
a +0 flail; 3 boomerangs; an orc corpse The orc shouts!
An orc priest comes into view. It is wielding a +0 hand axe.
There are monsters nearby!
The orc misses you.
An orc priest comes into view. It is wielding a +0 short sword.
The orc priest shouts! x2
You hit the orc.
The orc is heavily wounded.
You hit the orc but do no damage. The orc closely misses you.
The orc priest begins to cast a cantrip, but forgets the words!
The orc hits you with a +0 dagger. The orc barely misses you.
The orc hits you with a +0 dagger.
You hit the orc.
The orc is heavily wounded.
You hit the orc. The orc barely misses you.
You hit the orc priest. You peck the orc priest.
The orc priest is moderately wounded.
You hit the orc.
You kill the orc!
You hit the orc but do no damage. The orc barely misses you.
The orc priest calls down the wrath of Beogh upon you.
Beogh smites you!
The orc priest calls upon Beogh to heal the orc.
The orc's wounds heal themselves!
You hit the orc priest but do no damage.
You claw the orc priest. You peck the orc priest.
The orc priest is severely wounded.
You hit the orc but do no damage. The orc barely misses you.
The orc priest hits you with a +0 short sword.
You hit the orc priest. You claw the orc priest.
You kill the orc priest!
You barely miss the orc. You hit the orc priest.
The orc priest hits you with a +0 hand axe.
* * * LOW HITPOINT WARNING * * *
The orc hits you with a +0 flail!
You die...

~~~~P# ...##
♣♣~♣#### #...#
..~....###
#...#
######...####
#...# .
###....###...#
. ####..##...#
##......#
##..).oo##
#.....@).#
#.######......
#. .###.# .. #
#.. ##. #.


You could see an orc priest and an orc.

Vanquished Creatures
  An orc priest (D:3)
  Jessica (D:2)
  An adder (D:2)
  A dart slug (D:2)
  2 orcs (D:3)
  6 endoplasms
  2 giant cockroaches (D:2)
  6 goblins
  4 hobgoblins
  5 kobolds
  5 quokkas
  3 ball pythons
  2 bats (D:1)
  7 frilled lizards
  6 rats
  A spectral kobold (D:2)
53 creatures vanquished.

Notes
Turn   | Place    | Note
-------+----------+-------------------------------------------
     0 | D:1      | AccursedSamuel the Tengu Monk began the quest for the Orb.
     0 | D:1      | Reached XP level 1. HP: 14/14 MP: 2/2
    64 | D:1      | Reached XP level 2. HP: 15/19 MP: 3/3
    96 | D:1      | Identified a scroll of acquirement
    96 | D:1      | Acquired the +0 hat of Jayqywae {Fly Regen+}
   633 | D:1      | Reached XP level 3. HP: 23/23 MP: 4/4
   914 | D:2      | Found a faded altar of an unknown god.
  1043 | D:2      | Found a runed translucent door.
  1044 | D:2      | Noticed Crazy Yiuf
  1290 | D:2      | Reached XP level 4. HP: 23/28 MP: 5/5
  1308 | D:2      | Noticed Jessica
  1313 | D:2      | Killed Jessica
  1610 | D:3      | Slain by an orc

Illustrated notes

Levels and vault maps discovered:
D:1:      minmay_arrival_pointy, layout_loops_ring, minmay_gold_behind_fungi
D:2:      layout_basic, dreamdust_ecumenical_altar_drowned_temple,
          hangedman_decor_clover_reticule, fountainhead,
          uniq_crazy_yiuf_cottage, uniq_jessica
D:3:      layout_loops_ring, general_overflow_altar, serial_bayou_pond_d

Skill      XL: |  1  2  3  4 |
---------------+-------------+-----
Axes           | 4 |  4.7
Dodging        | 4 |  4.1
Fighting       | |  3.5

Action                     |  1- 3 |  4- 6 || total
---------------------------+-------+-------++-------
  Melee: Hand axe          |    71 |    14 ||    85
         Kick              |    19 |     6 ||    25
         Peck              |    10 |     4 ||    14
    Use: Scroll            |     1 |       ||     1
 Armour: Robe              |     8 |     1 ||     9
  Dodge: Dodged            |    69 |    12 ||    81
